 Dungeon Crawl Stone Soup version 0.30-a0-737-gf23d94013f (webtiles) character file.

Game seed: 8844439755071075268

102 Ghostmaker01 the Magician (level 5, -5/35 HPs)
             Began as a Human Hedge Wizard on Feb 2, 2023.
             Was a Follower of Uskayaw.
             Slain by an iguana (10 damage)
             ... on level 3 of the Dungeon.
             The game lasted 00:16:09 (3468 turns).

Ghostmaker01 the Magician (Human Hedge Wizard)      Turns: 3468, Time: 00:16:10

Health: -5/35      AC: 17    Str: 10    XL:     5   Next: 6%
Magic:  2/10       EV: 12    Int: 16    God:    Uskayaw [*.....]
Gold:   107        SH:  0    Dex: 13    Spells: 10/11 levels left

rFire   . . .      SeeInvis .    r - +7 staff of the Meek {protect, meekguard}
rCold   . . .      Faith    .    (shield currently unavailable)
rNeg    . . .      Spirit   .    b - +0 robe
rPois   .          Reflect  .    c - +0 hat
rElec   .          Harm     .    (no cloak)
rCorr   .          Rampage  .    k - +0 pair of gloves
Will    .....                    (no boots)
Stlth   ++                       (no amulet)
HPRegen 0.25/turn                p - ring of wizardry
MPRegen 0.12/turn                (no ring)

@: under a protective aura, very slightly contaminated
A: no striking features
a: Renounce Religion, Stomp


You were on level 3 of the Dungeon.
You worshipped Uskayaw.
Uskayaw was noncommittal.
You visited 1 branch of the dungeon, and saw 4 of its levels.

You collected 107 gold pieces.

Inventory:

Hand Weapons
 a - a +0 dagger
 f - a +0 short sword
 r - the +7 staff of the Meek (weapon) {protect, meekguard}
   (You found it on level 3 of the Dungeon)
Armour
 b - a +0 robe (worn)
 c - a +0 hat (worn)
 k - a +0 pair of gloves (worn)
Magical Staves
 t - a staff of death
Jewellery
 o - a ring of ice
 p - a ring of wizardry (left hand)
Wands
 j - a wand of charming (3)
 m - a wand of light (5)
 s - a wand of digging (4)
 x - a wand of mindburst (20)
Scrolls
 e - a scroll of enchant weapon {unknown}
 g - 2 scrolls of noise {unknown}
 h - a scroll of blinking {unknown}
 i - 5 scrolls of identify {unknown}
 v - a scroll of immolation {unknown}
 w - a scroll of summoning {unknown}
Potions
 d - a potion of magic
 l - 3 potions of curing {unknown}
 n - a potion of haste {unknown}
 q - a potion of invisibility {unknown}
 u - a potion of might {unknown}


   Skills:
 - Level 1.1 Short Blades
 * Level 0.1 Staves
 + Level 2.4 Dodging
 * Level 3.2 Stealth
 + Level 3.7 Spellcasting
 + Level 1.8 Conjurations
 + Level 1.0 Summonings
 + Level 1.0 Translocations


You had 10 spell levels left.
You knew the following spells:

 Your Spells              Type           Power      Damage    Failure   Level
a - Magic Dart            Conj           32%        1d4       3%          1

Your spell library contained the following spells:

 Spells                   Type           Power      Damage    Failure   Level
 Slow                     Hex            12%        N/A       7%          1
 Sting                    Tmut/Pois      12%        1d3       7%          1
 Blink                    Tloc           12%        N/A       7%          2
 Call Imp                 Summ           6%         N/A       7%          2
 Cigotuvi's Dreadful Rot  Necr/Pois/Air  6%         N/A       11%         2
 Poisonous Vapours        Pois/Air       6%         N/A       11%         2
 Mephitic Cloud           Conj/Pois/Air  4%         N/A       16%         3
 Olgreb's Toxic Radiance  Pois           3%         N/A       52%         4


Dungeon Overview and Level Annotations

Branches:
Dungeon (4/15)
 Temple: D:4-7

Altars:
Ru
Uskayaw

Annotations:
D:4 1 transporter, Robin


Message History

Casting: Magic Dart (safe; 3% risk of failure)
Confirm with . or Enter, or press ? or * to list all spells.
Aiming: Magic Dart (safe; 3% risk of failure)
Press: ? - help, Shift-Dir - straight line, f/p - iguana
Aim: an iguana (moderately wounded, 100% to hit)
The magic dart hits the iguana but does no damage.
The iguana is moderately wounded.
The iguana closely misses you.
Unknown command.
Casting: Magic Dart (safe; 3% risk of failure)
Confirm with . or Enter, or press ? or * to list all spells.
Aiming: Magic Dart (safe; 3% risk of failure)
Press: ? - help, Shift-Dir - straight line, f/p - iguana
Aim: an iguana (moderately wounded, 100% to hit)
You miscast Magic Dart.
Nothing appears to happen.
The iguana bites you.
* * * LOW HITPOINT WARNING * * *
Casting: Magic Dart (safe; 3% risk of failure)
Confirm with . or Enter, or press ? or * to list all spells.
Aiming: Magic Dart (safe; 3% risk of failure)
Press: ? - help, Shift-Dir - straight line, f/p - iguana
Aim: an iguana (moderately wounded, 100% to hit)
The magic dart hits the iguana but does no damage.
The iguana is moderately wounded.
The iguana bites you.
* * * LOW HITPOINT WARNING * * *
You are too injured to fight recklessly!
You are too injured to fight recklessly!
You hit the iguana.
Your weapon exudes an aura of protection.
The iguana is heavily wounded.
The iguana closely misses you. The iguana misses you.
Casting: Magic Dart (safe; 3% risk of failure)
Confirm with . or Enter, or press ? or * to list all spells.
Aiming: Magic Dart (safe; 3% risk of failure)
Press: ? - help, Shift-Dir - straight line, f/p - iguana
Aim: an iguana (heavily wounded, 100% to hit)
The magic dart hits the iguana but does no damage.
The iguana is heavily wounded.
The iguana bites you!
You die...

# ###..8..._...8.##.######..# #.
# #.................####.## #. #
#..8.......8.#....#....# #. #
#.............##....#### ## ##
#..8...[...8...#....### #
.#####...................<.#### #
.......#.##.#..#.##......#....# #
..####...##>#.##l######....##.###
#....#........##@# #........##
####.............######.##...####
##......####......##.##.#.....
####...#...# ##...#.......##....
#......#...# ###.##........(...
#..###.#...# #...........#...
>..##..#...# ##..........#...
..###.##...# ##............. ..#
#.##...# #.............


You could see an iguana.

Vanquished Creatures
  4 adders
  2 worms (D:3)
  A dart slug (D:1)
  9 bats
  8 endoplasms
  2 giant cockroaches (D:1)
  4 goblins
  3 hobgoblins
  3 jackals
  4 quokkas
  8 ball pythons
  A frilled lizard (D:1)
  3 kobolds (D:1)
  5 rats
57 creatures vanquished.

Vanquished Creatures (others)
  9 plants (D:1)
9 creatures vanquished.

Grand Total: 66 creatures vanquished

Notes
Turn   | Place    | Note
-------+----------+-------------------------------------------
     0 | D:1      | Ghostmaker01 the Human Hedge Wizard began the quest for the
                  | Orb.
     0 | D:1      | Reached XP level 1. HP: 13/13 MP: 4/4
   128 | D:1      | Reached XP level 2. HP: 7/19 MP: 0/6
   608 | D:1      | Reached XP level 3. HP: 24/24 MP: 2/7
  1599 | D:2      | Reached XP level 4. HP: 16/30 MP: 2/9
  2245 | D:2      | Reached skill level 1 in Short Blades
  2679 | D:3      | Found the +7 staff of the Meek {protect, meekguard}
  2680 | D:3      | Found a hide-covered altar of Uskayaw.
  2703 | D:3      | Became a worshipper of Uskayaw the Reveller
  2748 | D:3      | Reached * piety under Uskayaw
  2759 | D:3      | Reached ** piety under Uskayaw
  2961 | D:3      | Reached XP level 5. HP: 32/35 MP: 3/10
  3231 | D:3      | Found a sacrificial altar of Ru.
  3402 | D:4      | Noticed Robin
  3449 | D:4      | Found a transporter.
  3468 | D:3      | Slain by an iguana

Illustrated notes

Levels and vault maps discovered:
D:1:      noname_arrival_rooms_in_the_neighbourhood, layout_basic,
          chequers_big_river
D:2:      layout_basic, hex_intersection
D:3:      layout_rooms, eat_drink_and_be_merry_uskayaw, lemuel_crystal_altar
D:4:      gammafunk_wand_slinger, layout_rooms, uniq_menkaure, uniq_robin,
          uniq_ijyb

Skill      XL: |  1  2  3  4 |
---------------+-------------+-----
Stealth        | 3 |  3.2
Short Blades   | 1 |  1.1
Staves         | |  0.1
Dodging        | |  2.4
Spellcasting   | |  3.7
Conjurations   | |  1.8
Summonings     | |  1.0
Translocations | |  1.0

Action                     |  1- 3 |  4- 6 || total
---------------------------+-------+-------++-------
  Melee: Dagger            |    50 |       ||    50
         Punch             |     1 |       ||     1
         Short sword       |    15 |    28 ||    43
         Quarterstaff      |       |    18 ||    18
   Cast: Magic Dart        |    68 |    83 ||   151
 Armour: Robe              |    16 |    30 ||    46
  Dodge: Dodged            |    78 |    65 ||   143

Table legend: (Time is in decaauts)
 A = Elapsed time spent in this place.
 B = Non-inter-level travel time spent in this place.
 C = Inter-level travel time spent in this place.
 D = Time resting spent in this place.
 E = Time spent auto-exploring this place.
 F = Levels seen in this place.
 G = Mean time per level.
                   A        B        C        D        E       F      G
               +--------+--------+--------+--------+--------+-----+--------+
         Total |   3491 |   3403 |     88 |    164 |   2545 |   4 |  872.8 |
       Dungeon |   3491 |   3403 |     88 |    164 |   2545 |   4 |  872.8 |
               +--------+--------+--------+--------+--------+-----+--------+

Top non-repeatable levels by time:
     D:1: 1491 daAuts
     D:2: 1094 daAuts
     D:3: 892 daAuts
     D:4: 12 daAuts
